TOP OF THE 1ST |
Niagara Falls Frenzy batting - Pitching for Springfield Stars : LHP José López
|
Pitching: LHP José López
|
|
Batting: RHB Tomás Estrada
|
0-0: Fly out, F9 (Flyball, 89D)
|
Batting: RHB Zander Tremblett
|
0-0: Foul Ball, location: 2F 0-1: Ball 1-1: Ball 2-1: Called Strike 2-2: Foul Ball, location: 2F 2-2: Fly out, F8 (Flyball, 8RD)
|
Batting: LHB Clyde Yarbrough
|
0-0: Called Strike 0-1: Ball 1-1: Ball 2-1: Ball 3-1: Base on Balls
|
Batting: LHB Dante Owens
|
0-0: Ball 1-0: Called Strike 1-1: Ball 2-1: DOUBLE (Line Drive, 9LM) Clyde Yarbrough to third
|
Batting: SHB Martín De Jesús
|
0-0: Ball 1-0: Ball 2-0: Ball 3-0: Called Strike 3-1: Called Strike 3-2: Strikes out swinging
|
Top of the 1st over - 0 run(s), 1 hit(s), 0 error(s), 2 left on base; Niagara Falls 0 - Springfield 0 |
BOTTOM OF THE 1ST |
Springfield Stars batting - Pitching for Niagara Falls Frenzy : RHP Tom Moore
|
Pitching: RHP Tom Moore
|
|
Batting: RHB Calvin Bennett
|
0-0: Called Strike 0-1: Ball 1-1: Called Strike 1-2: Foul Ball, location: 2F 1-2: Fly out, F6 (Popup, 5D)
|
Batting: RHB Norberto Taváres
|
0-0: Called Strike 0-1: Swinging Strike 0-2: Ball 1-2: SINGLE (Flyball, 89S)
|
Batting: LHB Derek Davidson
|
0-0: Ball 1-0: Fielders Choice at 2nd, 4-6 (Groundball, 34)
|
Batting: LHB Felipe Guerrero
|
0-0: Called Strike 0-1: Swinging Strike 0-2: Ball 1-2: Ball 2-2: Strikes out looking
|
Bottom of the 1st over - 0 run(s), 1 hit(s), 0 error(s), 1 left on base; Niagara Falls 0 - Springfield 0 |
TOP OF THE 2ND |
Niagara Falls Frenzy batting - Pitching for Springfield Stars : LHP José López
|
Batting: LHB Leo Wyeth
|
0-0: Called Strike 0-1: Foul Ball, location: 2F 0-2: Ball 1-2: Ball 2-2: Foul Ball, location: 2F 2-2: Ball 3-2: Base on Balls
|
Batting: RHB Ángel Hinojosa
|
0-0: Swinging Strike 0-1: Swinging Strike 0-2: Foul Ball, location: 2F 0-2: Grounds into double play, 5-4-3 (Groundball, 5)
|
Batting: SHB Dave MacThomas
|
0-0: Called Strike 0-1: Foul Ball, location: 2F 0-2: Ball 1-2: Strikes out swinging
|
Top of the 2nd over - 0 run(s), 0 hit(s), 0 error(s), 0 left on base; Niagara Falls 0 - Springfield 0 |
BOTTOM OF THE 2ND |
Springfield Stars batting - Pitching for Niagara Falls Frenzy : RHP Tom Moore
|
Batting: SHB David García
|
0-0: Called Strike 0-1: Swinging Strike 0-2: Foul Ball, location: 2F 0-2: Ball 1-2: Strikes out swinging, 2-3 out at first.
|
Batting: SHB Shane Hutchinson
|
0-0: Ball 1-0: Foul Ball, location: 2F 1-1: Swinging Strike 1-2: Strikes out swinging
|
Batting: RHB Félix Gonzáles
|
0-0: Ball 1-0: Called Strike 1-1: Ball 2-1: Ball 3-1: Ground out 5-3 (Groundball, 56)
|
Bottom of the 2nd over - 0 run(s), 0 hit(s), 0 error(s), 0 left on base; Niagara Falls 0 - Springfield 0 |
TOP OF THE 3RD |
Niagara Falls Frenzy batting - Pitching for Springfield Stars : LHP José López
|
Batting: LHB Bill Hall
|
0-0: Ball 1-0: Ball 2-0: Ball 3-0: Base on Balls
|
Batting: RHB Tomás Estrada
|
0-0: Fielders Choice at 2nd, 4-6 (Groundball, 4)
|
Batting: RHB Zander Tremblett
|
0-0: Called Strike 0-1: 2-RUN HOME RUN (Flyball, 7D), Distance : 380 ft
|
Batting: LHB Clyde Yarbrough
|
0-0: Called Strike 0-1: Ball 1-1: Reached on error, E6 (Groundball, 6S)
|
Batting: LHB Dante Owens
|
0-0: Called Strike 0-1: Foul Ball, location: 2F 0-2: Foul Ball, location: 2F 0-2: Ball 1-2: Fly out, F9 (Flyball, 9D) Runner from 2nd tags up, SAFE at 3rd, no throw
|
Batting: SHB Martín De Jesús
|
0-0: Ground out 4-3 (Groundball, 4)
|
Top of the 3rd over - 2 run(s), 1 hit(s), 1 error(s), 1 left on base; Niagara Falls 2 - Springfield 0 |
BOTTOM OF THE 3RD |
Springfield Stars batting - Pitching for Niagara Falls Frenzy : RHP Tom Moore
|
Batting: RHB Juan Carlos Rodríguez
|
0-0: Fly out, F6 (Line Drive, 6)
|
Batting: LHB Jesús Tobías
|
0-0: Foul Ball, location: 2F 0-1: Ball 1-1: Foul Ball, location: 2F 1-2: SINGLE (Line Drive, 34)
|
Batting: RHB Calvin Bennett
|
0-0: Grounds into double play, 4-6-3 (Groundball, 4)
|
Bottom of the 3rd over - 0 run(s), 1 hit(s), 0 error(s), 0 left on base; Niagara Falls 2 - Springfield 0 |
TOP OF THE 4TH |
Niagara Falls Frenzy batting - Pitching for Springfield Stars : LHP José López
|
Batting: LHB Leo Wyeth
|
0-0: Called Strike 0-1: Ball 1-1: Ball 2-1: Swinging Strike 2-2: Ball 3-2: Strikes out swinging
|
Batting: RHB Ángel Hinojosa
|
0-0: Called Strike 0-1: Fly out, F7 (Flyball, 7LM)
|
Batting: SHB Dave MacThomas
|
0-0: Ball 1-0: Ball 2-0: Called Strike 2-1: Called Strike 2-2: Fly out, F7 (Flyball, 7S)
|
Top of the 4th over - 0 run(s), 0 hit(s), 0 error(s), 0 left on base; Niagara Falls 2 - Springfield 0 |
BOTTOM OF THE 4TH |
Springfield Stars batting - Pitching for Niagara Falls Frenzy : RHP Tom Moore
|
Batting: RHB Norberto Taváres
|
0-0: Called Strike 0-1: Foul Ball, location: 2F 0-2: Ball 1-2: Ball 2-2: Foul Ball, location: 2F 2-2: Ball 3-2: SINGLE (Groundball, 6) (infield hit)
|
Batting: LHB Derek Davidson
|
0-0: Ball Norberto Taváres steals 2nd base 1-0: Ball 2-0: Swinging Strike 2-1: Ground out 4-3 (Groundball, 4) Norberto Taváres to third
|
Batting: LHB Felipe Guerrero
|
0-0: Ball 1-0: Swinging Strike 1-1: Foul Ball, location: 2F 1-2: Ball 2-2: Strikes out swinging
|
Batting: SHB David García
|
0-0: Ball 1-0: Fly out, F9 (Line Drive, 89M)
|
Bottom of the 4th over - 0 run(s), 1 hit(s), 0 error(s), 1 left on base; Niagara Falls 2 - Springfield 0 |
TOP OF THE 5TH |
Niagara Falls Frenzy batting - Pitching for Springfield Stars : LHP José López
|
Batting: LHB Bill Hall
|
0-0: Ball 1-0: Ball 2-0: Foul Ball, location: 2F 2-1: Ball 3-1: Base on Balls
|
Batting: RHB Tomás Estrada
|
0-0: Ball 1-0: Swinging Strike 1-1: Called Strike 1-2: Ball 2-2: Fly out, F8 (Flyball, 8LXD)
|
Batting: RHB Zander Tremblett
|
0-0: Ball 1-0: Called Strike 1-1: Called Strike 1-2: Foul Ball, location: 2F 1-2: Ball 2-2: Strikes out looking
|
Batting: LHB Clyde Yarbrough
|
0-0: Ball 1-0: Fly out, F8 (Flyball, 8LM)
|
Top of the 5th over - 0 run(s), 0 hit(s), 0 error(s), 1 left on base; Niagara Falls 2 - Springfield 0 |
BOTTOM OF THE 5TH |
Springfield Stars batting - Pitching for Niagara Falls Frenzy : RHP Tom Moore
|
Batting: SHB Shane Hutchinson
|
0-0: Ball 1-0: Swinging Strike 1-1: Swinging Strike 1-2: Strikes out looking
|
Batting: RHB Félix Gonzáles
|
0-0: Ball 1-0: Called Strike 1-1: Called Strike 1-2: Ball 2-2: Strikes out swinging
|
Batting: RHB Juan Carlos Rodríguez
|
0-0: Foul Ball, location: 2F 0-1: Ball 1-1: Foul Ball, location: 2F 1-2: Ball 2-2: Ball 3-2: Strikes out swinging
|
Bottom of the 5th over - 0 run(s), 0 hit(s), 0 error(s), 0 left on base; Niagara Falls 2 - Springfield 0 |
TOP OF THE 6TH |
Niagara Falls Frenzy batting - Pitching for Springfield Stars : LHP José López
|
Batting: LHB Dante Owens
|
0-0: Fly out, F8 (Flyball, 8RM)
|
Batting: SHB Martín De Jesús
|
0-0: Swinging Strike 0-1: Foul Ball, location: 2F 0-2: Foul Ball, location: 2F 0-2: Strikes out swinging
|
Batting: LHB Leo Wyeth
|
0-0: Foul Ball, location: 2F 0-1: Ball 1-1: Called Strike 1-2: Ball 2-2: Ball 3-2: Foul Ball, location: 2F 3-2: Strikes out swinging
|
Top of the 6th over - 0 run(s), 0 hit(s), 0 error(s), 0 left on base; Niagara Falls 2 - Springfield 0 |
BOTTOM OF THE 6TH |
Springfield Stars batting - Pitching for Niagara Falls Frenzy : RHP Tom Moore
|
Batting: LHB Jesús Tobías
|
0-0: Ground out 1-3 (Groundball, 15)
|
Batting: RHB Calvin Bennett
|
0-0: Foul Ball, location: 2F 0-1: Ball 1-1: Fly out, F9 (Flyball, 89M)
|
Batting: RHB Norberto Taváres
|
0-0: Called Strike 0-1: Ball 1-1: Ball 2-1: Foul Ball, location: 2F 2-2: Ball 3-2: Foul Ball, location: 2F 3-2: Foul Ball, location: 2F 3-2: DOUBLE (Line Drive, 7)
|
Batting: LHB Derek Davidson
|
0-0: Called Strike 0-1: Called Strike 0-2: Ball 1-2: Strikes out swinging
|
Bottom of the 6th over - 0 run(s), 1 hit(s), 0 error(s), 1 left on base; Niagara Falls 2 - Springfield 0 |
TOP OF THE 7TH |
Niagara Falls Frenzy batting - Pitching for Springfield Stars : LHP José López
|
Batting: RHB Ángel Hinojosa
|
0-0: Called Strike 0-1: Called Strike 0-2: Ball 1-2: Ball 2-2: Strikes out looking
|
Pitching: RHP Luis Cortéz
|
|
Batting: SHB Dave MacThomas
|
0-0: Called Strike 0-1: Called Strike 0-2: Ball 1-2: Ball 2-2: Strikes out swinging
|
Batting: LHB Bill Hall
|
0-0: Ball 1-0: Foul Ball, location: 2F 1-1: Ground out 3-1 (Groundball, 34)
|
Top of the 7th over - 0 run(s), 0 hit(s), 0 error(s), 0 left on base; Niagara Falls 2 - Springfield 0 |
BOTTOM OF THE 7TH |
Springfield Stars batting - Pitching for Niagara Falls Frenzy : RHP Tom Moore
|
Batting: LHB Felipe Guerrero
|
0-0: Ball 1-0: SOLO HOME RUN (Flyball, 89XD), Distance : 452 ft
|
Batting: SHB David García
|
0-0: SINGLE (Groundball, 56D)
|
Pitching: RHP Jean Burrows
|
|
Batting: SHB Shane Hutchinson
|
0-0: Sac Bunt - play at first, batter OUT! 5-4 David García to second
|
Batting: RHB Félix Gonzáles
|
0-0: Swinging Strike 0-1: Called Strike 0-2: Foul Ball, location: 2F 0-2: Ball 1-2: Ball 2-2: Strikes out swinging
|
Batting: RHB Juan Carlos Rodríguez
|
0-0: Ball 1-0: Called Strike 1-1: Ball 2-1: Swinging Strike 2-2: Foul Ball, location: 2F 2-2: Strikes out swinging
|
Bottom of the 7th over - 1 run(s), 2 hit(s), 0 error(s), 1 left on base; Niagara Falls 2 - Springfield 1 |
TOP OF THE 8TH |
Niagara Falls Frenzy batting - Pitching for Springfield Stars : RHP Luis Cortéz
|
Batting: RHB Tomás Estrada
|
0-0: Ground out 6-3 (Groundball, 6)
|
Batting: RHB Zander Tremblett
|
0-0: Called Strike 0-1: Ball 1-1: SINGLE (Groundball, 34D)
|
Pitching: LHP Shan Liu
|
|
Batting: LHB Clyde Yarbrough
|
0-0: Foul Ball, location: 2F 0-1: Ball 1-1: Fly out, F9 (Line Drive, 9)
|
Pitching: LHP Enrique Muńóz
|
|
Batting: LHB Dante Owens
|
0-0: Swinging Strike 0-1: Ball 1-1: Ball 2-1: Ball 3-1: Foul Ball, location: 2F 3-2: DOUBLE (Line Drive, 78XD) Zander Tremblett to third Zander Tremblett scores
|
Batting: SHB Martín De Jesús
|
0-0: Swinging Strike 0-1: Ball 1-1: Ball 2-1: Ball 3-1: Base on Balls
|
Batting: LHB Leo Wyeth
|
0-0: Ball Wild Pitch! Dante Owens to third Martín De Jesús to second 1-0: Ball 2-0: Ball 3-0: Ground out U3 (Groundball, 34)
|
Top of the 8th over - 1 run(s), 2 hit(s), 0 error(s), 2 left on base; Niagara Falls 3 - Springfield 1 |
BOTTOM OF THE 8TH |
Springfield Stars batting - Pitching for Niagara Falls Frenzy : RHP Jean Burrows
|
Batting: LHB Jesús Tobías
|
0-0: Called Strike 0-1: Foul Ball, location: 2F 0-2: Ball 1-2: Ball 2-2: Ball 3-2: Base on Balls
|
Pitching: RHP Kimitada Takai
|
|
Batting: RHB Calvin Bennett
|
0-0: Grounds into double play, 5-4-3 (Groundball, 56)
|
Batting: RHB Norberto Taváres
|
0-0: Ball 1-0: Called Strike 1-1: Foul Ball, location: 2F 1-2: Ball 2-2: Foul Ball, location: 2F 2-2: Ball 3-2: Ground out 5-3 (Groundball, 5L)
|
Bottom of the 8th over - 0 run(s), 0 hit(s), 0 error(s), 0 left on base; Niagara Falls 3 - Springfield 1 |
TOP OF THE 9TH |
Niagara Falls Frenzy batting - Pitching for Springfield Stars : LHP Enrique Muńóz
|
Batting: RHB Ángel Hinojosa
|
0-0: Ball 1-0: Ball 2-0: Ball 3-0: Base on Balls
|
Batting: SHB Dave MacThomas
|
0-0: Ball 1-0: Bunted foul 1-1: Sac Bunt - play at first, batter OUT! 1-4 Ángel Hinojosa to second
|
Batting: LHB Bill Hall
|
0-0: Called Strike 0-1: Ball 1-1: Ball 2-1: Ball 3-1: SINGLE (Groundball, 56D) Ángel Hinojosa to third Runner from 3rd tries for Home, SAFE, throw made home
|
Batting: RHB Tomás Estrada
|
0-0: Grounds into double play, 6-4-3 (Groundball, 6)
|
Top of the 9th over - 1 run(s), 1 hit(s), 0 error(s), 0 left on base; Niagara Falls 4 - Springfield 1 |
BOTTOM OF THE 9TH |
Springfield Stars batting - Pitching for Niagara Falls Frenzy : RHP Kimitada Takai
|
Pitching: RHP Esteban Juárez
|
|
Batting: LHB Derek Davidson
|
0-0: Foul Ball, location: 2F 0-1: Foul Ball, location: 2F 0-2: Ball 1-2: Fly out, F9 (Flyball, 89D)
|
Batting: LHB Felipe Guerrero
|
0-0: Ground out 4-3 (Groundball, 4D)
|
Batting: SHB David García
|
0-0: Ball 1-0: Ball 2-0: Ground out 4-3 (Groundball, 4)
|
Bottom of the 9th over - 0 run(s), 0 hit(s), 0 error(s), 0 left on base; Niagara Falls 4 - Springfield 1 |
|